 Dungeon Sprint DCSS version bcrawl-1.23 (webtiles) character file.

Game seed: 17710229447534738077

60 Freyura the Shield-Bearer (level 4, -11/30 HPs)
             Began as a Gargoyle Fighter on May 28, 2020.
             Mangled by a two-headed ogre
             ... wielding a +0 giant club
              (23 damage)
             ... in the Dungeon (Sprint IX: "|||||||||||||||||||||||||||||").
             The game lasted 00:01:35 (140 turns).

Freyura the Shield-Bearer (Gargoyle Fighter)         Turns: 140, Time: 00:01:35

Health: -11/30     AC: 10    Str: 20    XL:     4   Next: 6%
Magic:  4/4        EV:  7    Int:  8    God:
Gold:   0          SH:  9    Dex: 10    Spells: 3/3 levels left

rFire    . . .     SeeInvis .   a - +0 flail
rCold    . . .     Gourm    .   c - +0 medium shield
rNeg     + . .     Faith    .   b - +0 scale mail
rPois    ∞         Spirit   .   (no helmet)
rElec    +         Reflect  .   (no cloak)
rCorr    .         Harm     .   (no gloves)
MR       .....     NoTele   +   (no boots)
Stlth    ..........             (no amulet)
HPRegen  0.10/turn              (no ring)
MPRegen  0.09/turn              (no ring)

@: no status effects
A: negative energy resistance 1, electricity resistance, unbreathing,
petrification resistance, rot immunity, AC +3
a: no special abilities


You were in the Dungeon.
You were not hungry.

You visited 1 branch

Inventory:

Hand Weapons
 a - a +0 flail (weapon)
Armour
 b - a +0 scale mail (worn)
 c - a +0 medium shield (worn)
Jewellery
 o - a +3 ring of strength
 p - a +3 ring of dexterity
Wands
 n - a wand of acid (10)
Scrolls
 k - 2 scrolls of blinking
 l - 3 scrolls of remove curse
 m - 2 scrolls of amnesia
Potions
 d - a potion of invisibility
 f - 5 potions of curing
 g - 3 potions of heal wounds
 h - a potion of haste
 i - 4 potions of magic
 j - a potion of berserk rage
Comestibles
 e - a ration {!d}


   Skills:
 + Level 4.9 Fighting
 + Level 3.8 Maces & Flails
 + Level 4.9 Armour
 + Level 2.5 Dodging
 + Level 4.9 Shields


You had 3 spell levels left.
You didn't know any spells.
Your spell library was empty.

Dungeon Overview and Level Annotations

Branches:
Dungeon (1/1)

Altars:
Cheibriados
Dithmenos
Elyvilon
Fedhas
Gozag
Hepliaklqana
Kikubaaqudgha
Lugonu
Makhleb
Nemelex Xobeh
Okawaru
Qazlal
Ru
Sif Muna
Trog
Uskayaw
Vehumet
Wu Jian
Xom
Yredelemnul
Zin
The Shining One
Beogh
Jiyva


Innate Abilities, Weirdness & Mutations

You are resistant to torment.
Your stone body is resilient. (AC +3)
You are immune to poison.
You resist negative energy. (rN+)
You are resistant to electric shocks. (rElec)
You can survive without breathing.
You are immune to petrification.
You are immune to rotting.


Message History

You hit the orc.
The orc is almost dead.
The orc hits you with a +0 flail. You block the orc's attack.
You sock the orc!
You kill the orc!
The bullfrog completely misses you.
Your shield prevents you from hitting the bullfrog.
The bullfrog hits you but does no damage.
You block the bullfrog's attack.
You completely miss the bullfrog. The bullfrog closely misses you.
You block the bullfrog's attack.
You sock the bullfrog!
The bullfrog is moderately wounded.
You block the bullfrog's attack.
You hit the two-headed ogre.
The two-headed ogre is lightly wounded.
The two-headed ogre hits you with a +0 giant club!
The two-headed ogre hits you with a +0 giant club!!
Ouch! That really hurt!
You die... ▓▓▓▓▓▓▓▓▓▓▓▓▓▓▓▓▓▓▓▓▓▓▓▓ ..ZZWFO@.[[[)|..'_______ ▓▓▓▓▓▓▓▓▓▓▓▓▓▓▓▓▓▓▓▓▓▓▓▓

You could see a two-headed ogre, a hungry ghost, a bullfrog, a quokka zombie and a quokka skeleton.

Vanquished Creatures
  A worker ant (D)
  2 adders (D)
  A shadow imp (D)
  2 orcs (D)
  2 bats (D)
  A giant cockroach (D)
  A hobgoblin (D)
  A rat (D)
11 creatures vanquished.

Notes
Turn   | Place    | Note
-------+----------+-------------------------------------------
     0 | D        | Freyura the Gargoyle Fighter began the quest for the Orb.
     0 | D        | Reached XP level 1. HP: 14/14 MP: 1/1
    20 | D        | Reached skill level 1 in Dodging
    60 | D        | Noticed a worker ant
    73 | D        | Reached XP level 2. HP: 18/20 MP: 2/2
    79 | D        | Reached XP level 3. HP: 19/24 MP: 3/3
    83 | D        | Reached XP level 4. HP: 22/30 MP: 4/4
    89 | D        | Found a roughly hewn altar of Beogh.
    89 | D        | Found a snail-covered altar of Cheibriados.
    89 | D        | Found a shadowy altar of Dithmenos.
    89 | D        | Found a white marble altar of Elyvilon.
    89 | D        | Found a blossoming altar of Fedhas.
    89 | D        | Found an opulent altar of Gozag.
    90 | D        | Found a hazy altar of Hepliaklqana.
    91 | D        | Found a viscous altar of Jiyva.
    92 | D        | Found an ancient bone altar of Kikubaaqudgha.
    93 | D        | Found a corrupted altar of Lugonu.
    94 | D        | Found a burning altar of Makhleb.
    95 | D        | Found a sparkling altar of Nemelex Xobeh.
    96 | D        | Found an iron altar of Okawaru.
    97 | D        | Found a stormy altar of Qazlal.
    98 | D        | Found a sacrificial altar of Ru.
    99 | D        | Found a shimmering blue altar of Sif Muna.
   100 | D        | Found a bloodstained altar of Trog.
   101 | D        | Found a hide-covered altar of Uskayaw.
   102 | D        | Found a radiant altar of Vehumet.
   103 | D        | Found an ornate altar of the Wu Jian Council.
   104 | D        | Found a shimmering altar of Xom.
   105 | D        | Found a basalt altar of Yredelemnul.
   106 | D        | Found a glowing silver altar of Zin.
   107 | D        | Found a glowing golden altar of the Shining One.
   131 | D        | Noticed a hungry ghost
   131 | D        | Noticed a two-headed ogre
   131 | D        | Noticed a bullfrog
   140 | D        | Mangled by a two-headed ogre

Skill      XL: |  1  2  3 |
---------------+----------+-----
Dodging        | 1 2 |  2.5
Fighting       | 4 |  4.9
Armour         | 4 |  4.9
Shields        | 4 |  4.9
Maces & Flails | 3 |  3.8

Action                   |  1- 3 |  4- 6 || total
-------------------------+-------+-------++-------
Melee: Flail             |    39 |     9 ||    48
  Use: Potion            |     1 |       ||     1
Armor: Scale mail        |    27 |     2 ||    29
Dodge: Dodged            |     4 |     3 ||     7
Block: Medium shield     |    21 |     4 ||    25
